 Dungeon Crawl Stone Soup version 0.25-a0-35-g747a2b3c0c (webtiles) character file.

Game seed: 1209836341367130996, levelgen mode: deterministic

488 Linust the Archer (level 6, -3/48 HPs)
             Began as a Centaur Hunter on Oct 19, 2019.
             Was a Follower of Okawaru.
             Slain by an iguana (9 damage)
             ... on level 4 of the Dungeon.
             The game lasted 00:26:34 (4114 turns).

Linust the Archer (Centaur Hunter)                  Turns: 4114, Time: 00:26:35

Health: -3/48      AC:  6    Str: 15    XL:     6   Next: 90%
Magic:  6/6        EV:  7    Int: 10    God:    Okawaru [*.....]
Gold:   225        SH:  0    Dex: 11    Spells: 5/5 levels left

rFire    x . .     SeeInvis .   b - +0 short sword
rCold    + . .     Gourm    .   (no shield)
rNeg     . . .     Faith    .   n - +0 scale mail
rPois    .         Spirit   .   (no helmet)
rElec    .         Reflect  .   (no cloak)
rCorr    .         Harm     .   (no gloves)
MR       .....                  (no barding)
Stlth    ..........             (no amulet)
HPRegen  0.16/turn              q - ring of ice
MPRegen  0.10/turn              (no ring)

@: heavily drained, very quick
A: large, hooves 3, deformed body, speed 2, tough skin 3
a: Heroism, Renounce Religion


You were on level 4 of the Dungeon.
You worshipped Okawaru.
Okawaru was aware of your devotion.
You were not hungry.

You visited 1 branch of the dungeon, and saw 5 of its levels.

You collected 225 gold pieces.

Inventory:

Hand Weapons
 a - a +1 shortbow
 b - a +0 short sword (weapon)
 u - a +0 morningstar
 w - a +0 war axe
Missiles
 d - 5 arrows (quivered)
Armour
 c - a +0 leather armour
 n - a +0 scale mail (worn)
Jewellery
 q - a ring of ice (left hand)
Scrolls
 i - a scroll of fear
 l - 3 scrolls of remove curse
 m - 3 scrolls of teleportation
 o - a scroll of noise
Potions
 e - 2 potions of magic
 g - a potion of curing
 h - a potion of degeneration
 j - 2 potions of lignification
 k - 2 potions of heal wounds
 p - a potion of berserk rage
 r - a potion of ambrosia
 s - 2 potions of brilliance
 t - a potion of might {unknown}
 v - a potion of agility {unknown}
 z - a potion of mutation {unknown}
Comestibles
 f - 11 rations


   Skills:
 - Level 2.0(0.4) Fighting
 * Level 10.8(8.8) Bows
 - Level 1.3(0.0) Dodging
 - Level 0.4(0.0) Stealth


You had 5 spell levels left.
You didn't know any spells.
Your spell library was empty.

Dungeon Overview and Level Annotations

Branches:
Dungeon (5/15)
 Temple: D:4-7

Altars:
Ashenzari
Elyvilon
Okawaru

Shops:
D:5 :

Annotations:
D:5 Dowan, Duvessa, Grinder


Innate Abilities, Weirdness & Mutations

You have hooves in place of feet.
Armour fits poorly on your strangely shaped body.
You cover ground very quickly.
You have extremely tough skin. (AC +3)


Message History

* * * LOW HITPOINT WARNING * * *
You hit the iguana.
The iguana is almost dead.
The iguana bites you but does no damage.
You closely miss the iguana. Your kick misses the iguana.
The iguana is almost dead.
The iguana bites you.
* * * LOW HITPOINT WARNING * * *
You hit the iguana but do no damage.
The iguana is almost dead.
The iguana barely misses you.
The iguana bites you but does no damage.
Grinder shouts!
The iguana barely misses you.
You climb upwards.
There is a stone staircase leading down, spattered with blood here.
You closely miss the iguana.
The iguana is almost dead.
The iguana bites you!
You die...

#..........## ##....##
#...........###....##
##......#....#....##
#.....##........## ###
#.....#........## #.###
##...##.......##
##..#####.###......########
##...###.###..............
###...#.@................
##...[.l..#............
##.......#............
#....................
#....................
#....................
#.............)......
###....................
######......................


You could see an iguana.

Vanquished Creatures
  An ogre (D:4)
  A hound (D:4)
  A jelly (D:4)
  An iguana (D:4)
  Natasha (D:3)
  2 worker ants
  A hound skeleton (D:4)
  13 gnolls
  An adder (D:3)
  An ooze (D:4)
  3 worms (D:2)
  4 dart slugs
  2 leopard geckos
  2 orcs
  2 giant cockroaches
  7 goblins
  11 hobgoblins
  4 jackals (D:3)
  5 kobolds
  2 quokkas (D:2)
  9 bats
  2 frilled lizards (D:2)
  8 rats
84 creatures vanquished.

Notes
Turn   | Place    | Note
-------+----------+-------------------------------------------
     0 | D:1      | Linust the Centaur Hunter began the quest for the Orb.
     0 | D:1      | Reached XP level 1. HP: 17/17 MP: 1/1
    82 | D:1      | Reached skill level 6 in Bows
    82 | D:1      | Reached XP level 2. HP: 21/24 MP: 2/2
   146 | D:1      | Found a shattered altar of Ashenzari.
   348 | D:1      | Reached XP level 3. HP: 27/29 MP: 3/3
   678 | D:2      | Found a white marble altar of Elyvilon.
   687 | D:2      | Reached skill level 7 in Bows
  1274 | D:3      | Reached XP level 4. HP: 36/36 MP: 4/4
  1513 | D:3      | Noticed Natasha
  1522 | D:3      | Killed Natasha
  1594 | D:3      | Reached skill level 8 in Bows
  1779 | D:3      | Reached XP level 5. HP: 33/41 MP: 5/5
  2301 | D:4      | Reached skill level 9 in Bows
  2354 | D:4      | Found an iron altar of Okawaru.
  2363 | D:4      | Became a worshipper of Warmaster Okawaru
  2531 | D:4      | Noticed an ogre
  2540 | D:4      | Killed an ogre
  2540 | D:4      | Reached XP level 6. HP: 48/48 MP: 6/6
  2617 | D:4      | Reached skill level 10 in Bows
  3159 | D:5      | Entered Level 5 of the Dungeon
  3311 | D:5      | Noticed Grinder
  3906 | D:5      | Found Gahur's Book Boutique.
  3918 | D:5      | Noticed Duvessa
  3920 | D:5      | Noticed Dowan
  3941 | D:5      | Reached * piety under Okawaru
  4011 | D:5      | Noticed a sky beast
  4114 | D:4      | Slain by an iguana

Levels and vault maps discovered:
D:1:      lemuel_arrival_hallway, layout_basic, palyth_stone_intersect,
          evilmike_ruin_ashenzari
D:2:      layout_loops_cross, elyvilon_altar_5
D:3:      layout_loops_cross, uniq_natasha
D:4:      layout_layer_cave, first_ration, kennysheep_okawaru_gauntlet
D:5:      layout_cave_pods, serial_shops, shop_fountains, uniq_duvessa,
          uniq_grinder, uniq_menkaure

Skill      XL: |  1  2  3  4  5  6 |
---------------+-------------------+-----
Bows           | 6 7 8 9 10 | 10.8
Fighting       | |  2.0
Dodging        | |  1.3
Stealth        | |  0.4

Action                   |  1- 3 |  4- 6 || total
-------------------------+-------+-------++-------
Melee: Short sword       |     9 |    32 ||    41
       Kick              |     1 |     6 ||     7
 Fire: Shortbow          |   115 |   169 ||   284
  Use: Scroll            |     4 |    10 ||    14
  Eat: Chunk             |       |     7 ||     7
Armor: Leather armour    |    13 |       ||    13
       Scale mail        |       |    22 ||    22
Dodge: Dodged            |    11 |    34 ||    45

Table legend:
 A = Non-vault XP
 B = Vault XP
 C = Vault XP percentage of total XP
 D = Non-vault monster count
 E = Vault monster count
 F = Vault count percentage of total count
                 A         B        C        D         E       F
            +---------+---------+-------+---------+---------+-------
      Total |     659 |      39 |   5.6 |      81 |       3 |   3.6
            +---------+---------+-------+---------+---------+-------
        D:1 |      52 |       0 |   0.0 |      21 |       0 |   0.0
        D:2 |      42 |       0 |   0.0 |      20 |       0 |   0.0
        D:3 |     101 |      35 |  25.7 |      22 |       1 |   4.3
        D:4 |     416 |       4 |   1.0 |      16 |       2 |  11.1
        D:5 |      48 |       0 |   0.0 |       2 |       0 |   0.0
            +---------+---------+-------+---------+---------+-------
